[Event "1000GM Schev-G2 March 2024"]
[Site "Santa Clara"]
[Date "2024.03.09"]
[Round "1.1"]
[White "Tang, Dylan"]
[Black "Alarcon Bahamondez, Roberto Ignacio"]
[Result "1/2-1/2"]
[ECO "C60"]
[WhiteElo "2152"]
[BlackElo "2335"]
[Annotator "TA"]
[PlyCount "168"]
[EventDate "2024.03.06"]
[EventType "schev"]
[EventCountry "USA"]
[SourceTitle "playchess.com"]
[Source "ChessBase"]
[SourceQuality "1"]
[TimeControl "5400+30"]

1. e4 e5 2. Nf3 Nc6 3. Bb5 Nge7 4. O-O g6 5. d4 exd4 6. Nxd4 Bg7 7. Be3 O-O 8. Nc3 a6 9. Ba4 Na5 10. Nd5 (10. Bb3 $11) 10... Nxd5 $15 {[%emt 0:11:52] Black is slightly better.} 11. exd5 Nc4 12. Bc1 b5 13. Bb3 Bb7 14. a4 Qh4 (14... Bxd5 $15 15. axb5 axb5 16. Rxa8 Bxa8) 15. axb5 $11 Bxd4 16. Bxc4 axb5 17. Rxa8 Bxa8 18. Bb3 Be5 $40 {[%emt 0:04:13][%csl Ge5][%cal Rh4h2][%mdl 128] White needs to defend precisely.} 19. g3 Qf6 20. Qg4 Qd6 21. Rd1 Bb7 22. Qe2 b4 23. Bd2 c5 24. Re1 Re8 25. c3 (25. Bf4 $11 f6 26. c3) 25... Bxd5 $15 26. Qd3 Be6 (26... Bxb3 $2 27. Qxd6 Bxd6 28. Rxe8+ Kg7 29. cxb4 cxb4 30. Bxb4 Bxb4 31. Rb8 $18) 27. Qxd6 Bxd6 28. cxb4 cxb4 29. Re4 Rb8 30. Bxe6 fxe6 {[%emt 0:01:13][%mdl 4096] Endgame. KRB-KRB} 31. b3 Bf8 32. h3 Rb6 33. Rc4 Rb7 34. Re4 Be7 35. Kf1 Kf7 36. Rf4+ Ke8 37. Re4 Rb6 38. h4 (38. Rc4 $17) 38... d5 $19 39. Rg4 (39. Rd4 $17) 39... e5 40. h5 {[%emt 0:00:46] [#]} Kf7 $1 (40... gxh5 41. Rg8+ Kf7 42. Rh8) 41. hxg6+ Rxg6 (41... hxg6 $19 42. f3 Bd6) 42. Rxg6 $17 Kxg6 $19 {[%emt 0:01:00] KB-KB} 43. Ke2 $2 (43. g4 $17) 43... Kf5 (43... h5 $142 44. f3 Bc5) 44. f3 h5 45. Be3 Bd6 46. Bf2 e4 47. Be1 Bc5 48. Bd2 exf3+ $2 (48... d4 $19 {and Black stays clearly on top. ( -> ...d3+)} 49. fxe4+ Kxe4) 49. Kxf3 $17 d4 ({Better is} 49... Bf8 $17) 50. Bf4 $11 d3 51. Bd2 Be7 52. Be1 $1 Bc5 53. Bd2 Ke5 54. Be1 Kd4 55. Bf2+ Kd5 56. Be1 Ke5 57. Bd2 Be7 (57... Kf5 $5) 58. Be1 (58. Ke3 Bg5+ 59. Kxd3 Bxd2 60. Kxd2 Kd4 61. Kc2 Ke3 62. Kd1 Kd3 63. Ke1 Kc3 64. Ke2 Kxb3 65. Kd3 Kb2 66. Kd4 b3 67. Kd3 Kc1 68. Ke3 b2 69. Kf4 b1=Q (69... b1=B 70. Kg5 $11) 70. Kg5 Qb8 71. Kg6 Qxg3+ 72. Kf7 h4 73. Kf6 h3 74. Kf5 h2 75. Ke4 h1=Q+ (75... h1=N 76. Kd5 Qc7 77. Ke6 Qc5 78. Kf6 Qd6+ 79. Kf7 Ng3 80. Kg7 Nf5+ 81. Kf7 Qc6 82. Kg8 Qf6 83. Kh7 Qg7#) 76. Kd4 Qd6+ 77. Kc4 Qe4+ 78. Kc3 Qg3#) 58... Kf5 59. Ke3 $2 {[%emt 0:01:58][%mdl 8192] [#]} (59. Bd2 $11) 59... Kg4 60. Kxd3 Bd6 $2 (60... Kf3 61. Kc4 Bd6 62. Bd2 Kxg3 (62... Bxg3 $2 63. Bg5 $19) 63. Kd3 h4 64. Be1+ Kg4 65. Ke2 h3 66. Kf1 Bc5 67. Bf2 Kf3 (67... h2 68. Kg2 Bxf2 69. Kxh2 Kf3 70. Kh3 Bb6 71. Kh2 Ke2 72. Kg3 Kd3 73. Kf4 Kc3 74. Ke5 Kxb3 75. Kd5 Kc3 76. Kc6 Bd4 77. Kd6 b3 78. Ke6 b2 79. Kf5 b1=Q+ 80. Ke6 Qg6+ 81. Kd7 Bb6 82. Ke7 Kd4 83. Kd7 Qf7+ 84. Kc6 Bd8 85. Kd6 Qd5#) 68. Kg1 Bxf2+ 69. Kh2 Kg4 70. Kh1 Bg3 71. Kg1 Kf3 72. Kh1 Ke3 73. Kg1 Kd4 74. Kh1 Kc3 75. Kg1 Kxb3 76. Kf1 Kc4 77. Ke2 h2 78. Kf3 b3 (78... h1=R 79. Kg2 Ra1 80. Kxg3 b3 81. Kh2 b2 82. Kg3 b1=Q 83. Kf4 Qf1+ 84. Kg3 Ra2 85. Kh4 Rg2 86. Kh5 Qh1#) (78... h1=Q+ 79. Kxg3 b3 80. Kf4 b2 81. Kg4 b1=Q 82. Kg5 Qf3 83. Kh4 Qh7+ 84. Kg5 Qhh5#) 79. Kxg3 h1=Q (79... h1=R {is a self mate.} 80. Kg2 Rh7 81. Kf3 b2 82. Kg4 b1=Q 83. Kf4 Qf1+ 84. Kg5 Rg7+ 85. Kh6 Qf6+ 86. Kh5 Qg5#) 80. Kg4 b2 81. Kf5 b1=Q+ (81... b1=B+ 82. Kf4 Qe4+ 83. Kg3 Qe3+ 84. Kg4 Be4 85. Kh4 Qf4+ 86. Kh5 Qg3 87. Kh6 Qg6#) 82. Kg5 Qhh7 83. Kf4 Qbe4+ 84. Kg5 Qhh4#) 61. Ke2 Bc5 62. Kd3 $2 (62. Bf2 $11 Be7 63. Be1) 62... Bd6 $2 (62... Kf3 63. Bd2 Kxg3 64. Ke4 h4 65. Bg5 Bd6 66. Bxh4+ Kxh4 67. Kf3 Bg3 68. Ke4 Kg4 69. Ke3 Be5 70. Ke4 Bc3 71. Ke3 Kg3 72. Ke4 Kf2 73. Kd3 Kf3 74. Kc4 Ke3 75. Kd5 Kd3 76. Kc5 Kc2 77. Kc4 Kb2 78. Kd5 Kxb3 79. Kc5 Kc2 80. Kd5 b3 81. Kc6 b2 82. Kc5 b1=Q (82... b1=B 83. Kd6 Kd3 84. Kc5 Bh8 85. Kd5 Bd4 86. Kd6 Kc4 87. Ke6 Kc5 88. Ke7 Bf5 89. Ke8 Kd6 90. Kf7 Bc2 91. Kf8 Bg6 92. Kg8 Kd7 93. Kf8 Ke6 94. Kg8 Kf6 95. Kf8 Bc5+ 96. Kg8 Bf5 97. Kh8 Kg6 98. Kg8 Be6+ 99. Kh8 Bd4#) 83. Kc6 Qd1 84. Kc7 Qd5 85. Kb6 Qd7 86. Ka6 Qc7 87. Kb5 Qd6 88. Kc4 Qc6#) 63. Ke2 Bc5 $2 (63... Bxg3 $11 64. Bxb4 h4) 64. Kd3 Kf3 65. Kc4 Bd6 66. Bd2 Bxg3 67. Bg5 Be1 68. Be7 Bc3 69. Kd3 Be1 70. Kc4 Kg3 71. Kd3 Kf3 72. Kc4 Ke3 73. Bg5+ Ke2 74. Be7 Bc3 75. Bd8 Kd2 76. Be7 Kc2 $2 (76... Ke1 {mates} 77. Kd3 Kf2 78. Bg5 Be1 79. Bd8 Kg2 80. Be7 h4 81. Ke2 Bf2 (81... h3 82. Kxe1 h2 83. Bxb4 $19) 82. Bxh4 Bxh4 83. Ke3 Kf1 84. Kd2 Bg5+ 85. Kd3 Ke1 86. Kc4 Be7 87. Kd5 Kd1 88. Kd4 Kc2 89. Kc4 Bf8 90. Kd4 Kxb3 91. Kd3 Bc5 92. Kd2 Kc4 93. Kd1 b3 94. Kc1 Be7 95. Kd2 b2 (95... Bg5+ {leads to mate.} 96. Ke2 b2 97. Kf3 b1=Q 98. Kg4 Qg1+ 99. Kf3 Kd4 100. Ke2 Qg2+ 101. Ke1 Bh6 102. Kd1 Qd2#) 96. Ke3 b1=Q (96... b1=B 97. Kf2 Bg5 98. Kf1 Kd3 99. Kf2 Ke4 100. Kg2 Ke3 101. Kg3 Bf5 102. Kg2 Bh4 103. Kf1 Kf3 104. Kg1 Bf2+ 105. Kh1 Be6 106. Kh2 Bd4 107. Kh1 Kf2 108. Kh2 Be5+ 109. Kh1 Bd5#) 97. Kf4 Qg6 98. Kf3 Kd3 99. Kf2 Bh4+ 100. Kf1 Kd4 101. Ke2 Qd3#) 77. Bd8 {[%emt 0:00:00] The position is equal.} Be1 78. Be7 Kd1 {[%emt 0:00:20] ...Ke2 would now be deadly.} 79. Kd3 h4 {[%emt 0:01:14] Threatens to win with ...h3.} (79... Bc3 $5) 80. Ke3 h3 (80... Kc2 $5 81. Ke2 $8 h3 $11) 81. Kf3 Kc2 (81... h2 $5 82. Kg2 $8 Ke2 $11) 82. Bxb4 $1 h2 (82... Bxb4 $5 83. Kg3 $8 Kd3 $11 (83... Kxb3 84. Kxh3 $11)) 83. Kg2 $1 Bxb4 84. Kxh2 Kxb3 {[%emt 0:00:36] Black had all chances to win.   Weighted Error Value: White=0.68/Black=0.50.  Loses game:     	White=3     	---        Missed win:     	---       	Black=1      Mistake:       	White=4     	Black=3      Inaccurate:     	White=4     	Black=3      OK:         	White=28    	Black=17     Best:        	White=6     	Black=4      Strong:       	White=3     	Black=1} 1/2-1/2

[Event "1000GM Schev-G2 March 2024"]
[Site "Santa Clara"]
[Date "2024.03.09"]
[Round "1.2"]
[White "Pullela, Sricharan"]
[Black "Filgueiras, Nathan Felipe"]
[Result "1/2-1/2"]
[ECO "A45"]
[WhiteElo "2114"]
[BlackElo "2316"]
[Annotator "TA"]
[PlyCount "120"]
[EventDate "2024.03.06"]
[EventType "schev"]
[EventCountry "USA"]
[SourceTitle "playchess.com"]
[Source "ChessBase"]
[SourceQuality "1"]
[TimeControl "5400+30"]

1. d4 Nf6 2. Bg5 b6 3. Bxf6 exf6 4. e3 Bb7 5. Nf3 g6 6. c4 Bg7 7. Nc3 f5 8. Bd3 O-O 9. O-O d6 10. b4 c5 11. Nd5 Nd7 12. Rb1 cxd4 13. exd4 Nf6 14. Qb3 (14. Nxf6+ $15 Qxf6 15. d5) 14... Nxd5 $17 15. cxd5 Qf6 (15... Rc8 $17 16. a4 Qc7) 16. Bb5 Rac8 {[%emt 0:00:00] Verhindert Bc6} 17. Rbc1 Bh6 {[%emt 0:00:00] Das Läuferpaar ist gut.} 18. Rxc8 Rxc8 19. h4 f4 (19... Rc7 $17 20. Re1 f4) 20. Re1 (20. Bc6 $1 $11 {hält das Gleichgewicht.} Bxc6 21. dxc6 Rxc6 22. Qa4) 20... Bf8 (20... Rc7 $1 $17) 21. Bd7 (21. Bc6 $1 $11 Bxc6 22. dxc6 Rxc6 23. Qd5) 21... Rc7 22. Bc6 Re7 (22... Bc8 $17 23. Re8 Bg4) 23. Bxb7 $11 Rxe1+ 24. Nxe1 {[%emt 0:00:00][%cal Bf3e1,Be1d3,Bd3f4][%mdl 32] Zielt auf Nf3 ab.} Qe7 $1 25. Nd3 Qxb7 26. Nxf4 {[%emt 0:00:00][%mdl 4096] Endspiel. KQB-KQN} Qe7 {[%emt 0:00:00] Droht ...Qe1+ und aus.} 27. g3 Qe1+ 28. Kg2 Qe4+ 29. Kf1 Qxd4 30. b5 Bg7 31. a4 Qe4 32. f3 Qd4 33. Ne2 Qc5 (33... Qa1+ $15 34. Kg2 Bd4 35. Nxd4 Qxd4) 34. Qd3 Be5 35. Kg2 Kg7 36. g4 $1 Qb4 37. Qe4 Qe1 38. h5 Qh4 39. hxg6 Qh2+ 40. Kf1 {[%emt 0:00:04] Droht stark gxf7.} Qh3+ ({Natürlich nicht} 40... fxg6 41. f4 Qh3+ 42. Qg2 Qxg2+ 43. Kxg2 $14) 41. Kf2 {[%emt 0:00:48] gxf7 ist eine echte Drohung.} hxg6 42. Qc4 Bf6 43. Qe4 Qh4+ 44. Ke3 Qh3 45. Kf2 Qh1 46. Qc4 (46. Ke3 $1 $11) 46... Bh4+ $17 47. Ke3 Bg5+ 48. Kf2 Qh2+ 49. Kf1 Qh3+ $1 50. Kf2 Qh2+ 51. Kf1 Bh4 $36 {[%emt 0:00:18][%csl Gh4][%cal Rh2f2][%mdl 2048] Weiss steht unter Druck.} 52. Qd4+ Bf6 53. Qe4 Qh1+ 54. Kf2 {[%emt 0:00:15] [#]} (54. Ng1 $1 $11 {bleibt in der Remisbreite.}) 54... Bh4+ $1 55. Ke3 {[%emt 0:01:54] [#]} Qe1 $1 56. Qc4 $2 (56. Kd3 $17) 56... Bf2+ $19 57. Ke4 $2 (57. Kd3 Qd1+ 58. Kc3) 57... Qb1+ 58. Kf4 f6 $2 ({Vorzuziehen ist} 58... Kh6 $19 59. g5+ Kh5) 59. Qe4 $11 Qb2 {[%emt 0:00:00] ( -> ...Qd2+)} 60. Qe7+ Kg8 {[%emt 0:00:00] Gewichteter Fehlerwert: Weiß=0.36/Schwarz=0.23 (präzise) .  Verlustzug:     	Weiß=1     	---        Fehler:       	Weiß=6     	Schwarz=5     Ungenau:       	Weiß=5     	Schwarz=3     OK:         	Weiß=13    	Schwarz=23    Bester:       	Weiß=10    	Schwarz=4     Stark:        	Weiß=1     	Schwarz=4} 1/2-1/2

[Event "1000GM Schev-G2 March 2024"]
[Site "Santa Clara"]
[Date "2024.03.09"]
[Round "1.3"]
[White "Chiang, Jacob"]
[Black "Garcia Guerrero, Isaac Antonio"]
[Result "0-1"]
[ECO "D33"]
[WhiteElo "2154"]
[BlackElo "2300"]
[Annotator "TA"]
[PlyCount "116"]
[EventDate "2024.03.06"]
[EventType "schev"]
[EventCountry "USA"]
[SourceTitle "playchess.com"]
[Source "ChessBase"]
[SourceQuality "1"]
[TimeControl "5400+30"]

1. c4 e6 2. Nc3 d5 3. d4 c5 4. cxd5 exd5 5. Nf3 Nc6 6. g3 Nf6 7. Bg2 cxd4 8. Nxd4 Bc5 9. Nb3 Bb6 10. O-O d4 11. Na4 O-O {[%emt 0:00:11] White is slightly better.} 12. Bg5 h6 13. Bf4 (13. Bxc6 $14 hxg5 14. Bg2) 13... Re8 14. Rc1 Bg4 15. Re1 {[%emt 0:01:59][%cal Ob3c5] [#]} Rxe2 $1 16. Rxe2 d3 17. Bf1 g5 $36 {[%emt 0:10:33][%mdl 2048] Black fights for an advantage.} 18. Bd2 Ne5 {[%emt 0:11:46] [#] Black is more active.} ({Better is} 18... dxe2 $17 19. Bxe2 Bxf2+ 20. Kxf2 Bxe2 21. Qxe2 Nd4) 19. Rxe5 Bxf2+ $17 20. Kg2 Bxd1 21. Rxd1 {[%emt 0:00:16] [#]} Qd7 {[%emt 0:09:26] Repels Rf5. Some like it hot} 22. h3 $2 (22. Nac5 $17 Qc6+ 23. Kxf2 Ng4+ 24. Kg1 Nxe5 25. Bg2) 22... Bd4 $19 (22... Qxa4 23. Kxf2 Qxa2 24. Nc1 Qxb2 25. Re3 $14 (25. Nxd3 Qc2 $17)) 23. Nxd4 Qxd4 24. Bc3 Qxa4 25. Rxd3 {[%emt 0:00:08] [#]} Ne4 $1 ({Inferior is} 25... Qxa2 26. Rd6 Ne8 (26... Rc8 $2 27. Ra5 $18) 27. Rxh6 $14) 26. Rf5 Nxc3 27. Rxc3 Qe4+ 28. Rcf3 Rf8 29. b3 a6 (29... Kg7 $19 {aiming for ...Qe7.} 30. Kh2 f6) 30. Bc4 $17 b5 31. Bd5 Qd4 32. g4 Kh8 {[%emt 0:01:03] Strongly threatening ...f6.} 33. Rf2 (33. Bxf7 $17 Rc8 34. Bh5) 33... f6 $19 34. Bc6 Kg7 35. Bb7 Qb6 36. Bd5 Re8 37. Bf3 Re5 38. Rxe5 fxe5 {[%emt 0:00:05][%mdl 4096] Endgame. KQ-KRB} 39. Re2 Qd4 40. Re4 Qc3 41. Re2 Kf6 42. Be4 Ke7 43. Bf3 Kd6 44. Be4 Qc1 45. Bf3 Qa1 46. Rc2 Qd4 47. Re2 Kc5 48. Re4 Qa1 49. Re2 Kd4 50. Rd2+ Ke3 51. Re2+ Kd3 52. Kf2 Qd4+ 53. Kg2 Qf4 54. Rf2 {[%emt 0:00:19] And now Be2+ would win.} Qe3 55. Bb7 Qb6 56. Bd5 (56. Bf3 $142) 56... e4 {[%emt 0:00:26] ( -> ...e3)} 57. b4 e3 58. Rf3 Kd2 {[%emt 0:00:30] Weighted Error Value: White=0.55/Black=0.21 (precise) .  Loses game:     	White=1     	---        Mistake:       	White=4     	Black=2      Inaccurate:     	White=4     	---        OK:         	White=14    	Black=20     Best:        	---       	Black=4      Strong:       	---       	Black=1} 0-1

[Event "1000GM Schev-G2 March 2024"]
[Site "Santa Clara"]
[Date "2024.03.09"]
[Round "1.4"]
[White "Stopa, Jacek"]
[Black "Iinuma, Paul Y"]
[Result "1-0"]
[ECO "A11"]
[WhiteElo "2335"]
[BlackElo "2141"]
[Annotator "TA"]
[PlyCount "61"]
[EventDate "2024.03.06"]
[EventType "schev"]
[EventCountry "USA"]
[SourceTitle "playchess.com"]
[Source "ChessBase"]
[SourceQuality "1"]
[TimeControl "5400+30"]

1. Nf3 d5 2. c4 c6 3. e3 Nf6 4. Nc3 e6 5. Qc2 Nbd7 6. b3 Bd6 7. Bb2 a6 8. d4 {[%emt 0:02:21] White has an edge.} Qe7 9. Be2 b6 10. O-O Bb7 11. e4 dxe4 12. Nxe4 Nxe4 13. Qxe4 Nf6 14. Qc2 O-O 15. Rfe1 h6 16. Bd3 Rfe8 17. Rac1 Rad8 18. h3 Kh8 19. Ne5 c5 20. dxc5 bxc5 21. Re3 {[%emt 0:02:33] White is more active.} Qc7 (21... Nd7 $11 {keeps the balance.}) 22. Rce1 Kg8 23. Qe2 Nd7 $2 {[%emt 0:03:26] [#]} (23... Nh7 24. Qg4 f5) 24. Nxf7 $1 $18 Kxf7 (24... e5 25. Nxh6+) 25. Qh5+ (25. Rxe6 Be5 26. Qh5+ (26. Bxe5 Nxe5 27. Qxe5 Qxe5 $15) (26. Rxe5 Rxe5 27. Bxe5 Qxe5 $15) (26. Rxe8 $2 Rxe8 27. Qh5+ Kf8 $19) 26... Kxe6 $11) 25... Kg8 {[%emt 0:01:45] [#]} 26. Bxg7 $1 Nf8 27. Bf6 $40 {[%emt 0:02:45][%mdl 128] White has strong attack.} (27. Bxh6 $142 {White threatens Qg5+ and mate.} Re7 28. Be4) 27... Bh2+ $2 (27... Re7 28. Be4 (28. Qxh6 Rg7 $18) 28... Rdd7 29. Qxh6 Rg7) 28. Kh1 Rxd3 29. Rxd3 (29. Qxe8 Rxe3 30. Rxe3 Qf7 31. Qxf7+ Kxf7 $11) 29... Qf4 30. Be5 ({Worse is} 30. Qxe8 Qxf2 $15) 30... Qxf2 31. Qg4+ {[%emt 0:00:26] Weighted Error Value: White=0.28 (precise) /Black=0.58.  Mistake:       	White=1     	Black=3      Inaccurate:     	White=1     	Black=4      OK:         	White=5     	Black=3      Best:        	White=1     	Black=1      Brilliant:      	White=1     	---} 1-0

[Event "1000GM Schev-G2 March 2024"]
[Site "Santa Clara"]
[Date "2024.03.09"]
[Round "1.5"]
[White "Figueredo Losada, Leonel"]
[Black "Zhou, Ruoyu"]
[Result "1-0"]
[ECO "A14"]
[WhiteElo "2325"]
[BlackElo "2168"]
[Annotator "TA"]
[PlyCount "135"]
[EventDate "2024.03.06"]
[EventType "schev"]
[EventCountry "USA"]
[SourceTitle "playchess.com"]
[Source "ChessBase"]
[SourceQuality "1"]
[TimeControl "5400+30"]

1. Nf3 d5 2. g3 e6 3. c4 Nf6 4. Bg2 Be7 5. b3 O-O 6. Bb2 c5 7. O-O {[%emt 0:02:07] 7.cxd5 ist modischer.} d4 {[%emt 0:01:02] A14: Reti-Eröffnung.} 8. b4 a5 9. bxc5 Nc6 10. d3 Bxc5 11. Ba3 Nd7 12. Nfd2 Bxa3 $146 (12... e5 $11) ({Predecessor:} 12... Qe7 13. Bxc5 Nxc5 14. Ne4 Na6 15. Qc1 Bd7 16. Na3 f5 17. Ng5 Nc5 18. Nb5 h6 19. Nf3 e5 {0-1 Pinheiro,I (2320)-Kollars,D (2637) Titled Tuesday intern op 03rd May Late blitz 2022 (1)}) 13. Nxa3 $14 Nc5 14. Ne4 Nxe4 15. Bxe4 e5 16. Qb3 a4 17. Qb5 Qe7 18. Nc2 Ra5 19. Qb2 f5 20. Bd5+ Be6 21. Bxe6+ (21. Bg2 $16) 21... Qxe6 $11 22. Rab1 Rf7 23. Nb4 Nxb4 (23... Ne7 $11) 24. Qxb4 $14 Ra6 25. Qc5 Rc6 26. Qa5 Ra6 (26... h6 $142) 27. Qd8+ $16 Rf8 28. Qc7 Rc6 29. Qxb7 f4 30. Rb5 (30. Rb4 $1 $18) 30... e4 $16 31. Re5 Qxe5 32. Qxc6 exd3 33. exd3 (33. Qxa4 $2 dxe2 (33... Qxe2 $2 34. Qd7 $19) 34. Re1 d3 $19) 33... f3 (33... Qf5 $14) 34. h3 (34. Qxa4 Qf5 35. Kh1 Qxd3 $19) (34. h4 $142) 34... Qf5 (34... a3 $142) 35. Re1 $16 (35. Qxa4 $2 {wird mattgesetzt.} Qxh3 36. Re1 Qg2#) 35... h6 36. Qe6+ (36. Qxa4 $2 {führt zum Matt.} Qxh3 37. Rf1 Qg2#) ({Besser ist} 36. Qd5+ $1 $16 Qxd5 37. cxd5) 36... Qxe6 $14 37. Rxe6 Rb8 38. g4 Rb2 39. Rd6 Rxa2 40. Rxd4 Rd2 41. Rd8+ Kh7 42. Ra8 Rxd3 43. Rxa4 Rd2 44. Ra6 Rc2 45. Rc6 g5 46. c5 Kg7 47. Rc8 Kh7 48. c6 Kg7 49. Rc7+ Kg6 {[%emt 0:00:50] [#]} ({Günstiger ist} 49... Kf6 $14) 50. Rc8 (50. Kh2 $142 $1 ) 50... Kg7 $1 $16 51. Kh2 Rxf2+ 52. Kg3 Rc2 $2 (52... Re2 $16) 53. Kxf3 $18 Rc3+ (53... h5 $142 54. gxh5 Rc3+ 55. Kg4 Rc5) 54. Ke4 $18 Rxh3 55. Kd4 (55. Rb8 $142 {Weiss droht c7 und Matt.} Rc3 56. Kd5) 55... Rh1 {[%emt 0:00:34] [#]} (55... Rh2 $142 56. Re8 Rd2+ 57. Kc5 Rc2+ 58. Kd6 Rd2+ 59. Kc7 Rg2 60. Re7+ Kf8) 56. Re8 $1 $18 Rc1 57. Kd5 Kf7 58. Re4 Ra1 59. c7 Ra8 60. Kc6 Kg7 61. Kb7 Rf8 62. c8=Q Rxc8 63. Kxc8 h5 64. gxh5 Kh6 65. Kd7 Kxh5 66. Ke6 g4 67. Kf5 g3 68. Rg4 1-0

[Event "1000GM Schev-G2 March 2024"]
[Site "Santa Clara"]
[Date "2024.03.10"]
[Round "2.1"]
[White "Filgueiras, Nathan Felipe"]
[Black "Tang, Dylan"]
[Result "1/2-1/2"]
[ECO "C54"]
[WhiteElo "2316"]
[BlackElo "2152"]
[Annotator "TA"]
[PlyCount "53"]
[EventDate "2024.03.06"]
[EventType "schev"]
[EventCountry "USA"]
[SourceTitle "playchess.com"]
[Source "ChessBase"]
[SourceQuality "1"]
[TimeControl "5400+30"]

1. e4 e5 2. Nf3 Nc6 3. Bc4 Bc5 4. O-O Nf6 5. d3 d6 6. c3 O-O 7. Nbd2 a5 8. h3 h6 9. Re1 Be6 10. b3 Ba7 11. Nf1 Ne7 12. Ng3 Ng6 13. Qc2 Bd7 {Hoping for ...b5.} 14. d4 Qc8 15. Be3 b5 16. Bd3 b4 17. Rec1 Bb6 18. Qd2 Qb8 {[#]} (18... bxc3 $14 19. Rxc3 exd4 20. Bxd4 Bxd4 21. Nxd4 Qb7) 19. c4 $1 $16 ({Reject} 19. cxb4 $6 axb4 20. dxe5 dxe5 $11) 19... c6 20. c5 dxc5 21. dxc5 Bc7 {[#]} 22. Bc4 (22. Bxh6 $1 $16 Qe8 (22... gxh6 $2 {loses.} 23. Qxh6 Bd8 24. Bc4 $18) 23. Be3) 22... Kh7 23. Nh5 {[%emt 0:00:30] And now Nxf6+ would win.} Nxh5 ({Black should play} 23... Qe8 24. Nxf6+ gxf6) 24. Qxd7 Nf6 25. Qxc6 {[%emt 0:00:30] White has more active pieces.} a4 26. bxa4 ({White should try} 26. Qb5 $16) 26... Ra5 $1 $11 {[%emt 0:00:30] Strongly threatening ...Ne7.} 27. Bd5 {[%emt 0:00:30] Weighted Error Value: White=0.19 (very precise) /Black=0.15 (very precise) .  Mistake:       	White=2     	Black=2      Inaccurate:     	White=1     	Black=3      OK:         	White=6     	Black=3      Best:        	White=1     	Black=1      Strong:       	White=1     	Black=1} 1/2-1/2

[Event "1000GM Schev-G2 March 2024"]
[Site "Santa Clara"]
[Date "2024.03.09"]
[Round "2.1"]
[White "Filgueiras, Nathan Felipe"]
[Black "Tang, Dylan"]
[Result "*"]
[ECO "C60"]
[WhiteElo "2316"]
[BlackElo "2152"]
[Annotator "RC"]
[PlyCount "168"]
[EventDate "2024.03.06"]
[EventType "schev"]
[EventCountry "USA"]
[SourceTitle "playchess.com"]
[Source "ChessBase"]
[SourceQuality "1"]
[TimeControl "5400+30"]

1. e4 e5 2. Nf3 Nc6 3. Bb5 Nge7 4. O-O g6 5. d4 exd4 6. Nxd4 Bg7 7. Be3 O-O 8. Nc3 a6 9. Ba4 Na5 10. Nd5 Nxd5 11. exd5 Nc4 12. Bc1 b5 13. Bb3 Bb7 14. a4 Qh4 15. axb5 Bxd4 16. Bxc4 axb5 17. Rxa8 Bxa8 18. Bb3 Be5 19. g3 Qf6 20. Qg4 Qd6 21. Rd1 Bb7 22. Qe2 b4 23. Bd2 c5 24. Re1 Re8 25. c3 Bxd5 26. Qd3 Be6 27. Qxd6 Bxd6 28. cxb4 cxb4 29. Re4 Rb8 30. Bxe6 fxe6 31. b3 Bf8 32. h3 Rb6 33. Rc4 Rb7 34. Re4 Be7 35. Kf1 Kf7 36. Rf4+ Ke8 37. Re4 Rb6 38. h4 d5 39. Rg4 e5 40. h5 Kf7 41. hxg6+ Rxg6 42. Rxg6 Kxg6 43. Ke2 Kf5 44. f3 h5 45. Be3 Bd6 46. Bf2 e4 47. Be1 Bc5 48. Bd2 exf3+ 49. Kxf3 d4 50. Bf4 d3 51. Bd2 Be7 52. Be1 Bc5 53. Bd2 Ke5 54. Be1 Kd4 55. Bf2+ Kd5 56. Be1 Ke5 57. Bd2 Be7 58. Be1 Kf5 59. Ke3 Kg4 60. Kxd3 Bd6 61. Ke2 Bc5 62. Kd3 Bd6 63. Ke2 Bc5 64. Kd3 Kf3 65. Kc4 Bd6 66. Bd2 Bxg3 67. Bg5 Be1 68. Be7 Bc3 69. Kd3 Be1 70. Kc4 Kg3 71. Kd3 Kf3 72. Kc4 Ke3 73. Bg5+ Ke2 74. Be7 Bc3 75. Bd8 Kd2 76. Be7 Kc2 77. Bd8 Be1 78. Be7 Kd1 79. Kd3 h4 80. Ke3 h3 81. Kf3 Kc2 82. Bxb4 h2 83. Kg2 Bxb4 84. Kxh2 Kxb3 *

[Event "1000GM Schev-G2 March 2024"]
[Site "Santa Clara"]
[Date "2024.03.10"]
[Round "2.2"]
[White "Garcia Guerrero, Isaac Antonio"]
[Black "Pullela, Sricharan"]
[Result "1/2-1/2"]
[ECO "B08"]
[WhiteElo "2300"]
[BlackElo "2114"]
[Annotator "RC"]
[PlyCount "75"]
[EventDate "2024.03.06"]
[EventType "schev"]
[EventCountry "USA"]
[SourceTitle "playchess.com"]
[Source "ChessBase"]
[SourceQuality "1"]
[TimeControl "5400+30"]

1. d4 Nf6 2. Nf3 g6 3. Nc3 d6 4. e4 Bg7 5. h3 c6 6. a4 Qc7 7. Be3 O-O 8. Be2 e5 9. O-O Nbd7 10. Re1 Re8 11. Bf1 Nf8 12. a5 h6 13. Qd2 Kh7 14. dxe5 dxe5 15. Bc5 N6d7 16. Bd6 Qd8 17. Red1 Qf6 18. Bc4 Ne6 19. Bxe6 Qxe6 20. Qe3 Bf8 21. Bxf8 Nxf8 22. Qc5 Qe7 23. Na4 Qxc5 24. Nxc5 Kg7 25. Ra3 Rb8 26. Rd6 f6 27. Ne1 Ne6 28. Ned3 Nd4 29. c4 Kf7 30. f4 Ne2+ 31. Kf2 Nxf4 32. Nxf4 exf4 33. Rb3 Re5 34. Na6 Ra8 35. Nc7 Rb8 36. Na6 Ra8 37. Nc7 Rb8 38. Na6 1/2-1/2